 Dungeon Sprint DCSS version 0.29-a0-732-g3d7fbe0af2 (webtiles) character file.

Game seed: 507151309339066342

500 manyhoops the Fighter (level 6, -2/65 HPs)
             Began as a Demigod Fighter on June 29, 2022.
             Slain by a neqoxec (7 damage)
             ... in the Dungeon (Sprint II: "The Violet Keep of Menkaure").
             The game lasted 00:01:01 (173 turns).

manyhoops the Fighter (Demigod Fighter)              Turns: 173, Time: 00:01:01

Health: -2/65      AC:  6    Str: 17    XL:     6   Next: 62%
Magic:  8/8        EV:  8    Int: 18    God:
Gold:   486        SH:  4    Dex: 13    Spells: 5/5 levels left

rFire   + . .      SeeInvis .   a - +0 war axe
rCold   . . .      Faith    .   c - +0 buckler
rNeg    . . .      Spirit   .   b - +0 scale mail
rPois   .          Reflect  .   (no helmet)
rElec   .          Harm     .   (no cloak)
rCorr   .          Rampage  .   (no gloves)
Will    .....      NoTele   +   (no boots)
Stlth   ..........              (no amulet)
HPRegen 0.20/turn               (no ring)
MPRegen 0.11/turn               (no ring)

@: on berserk cooldown, hasted (expiring), very quick
A: high MP 1, forlorn, divine attributes, talons 1, fire resistance 1, frail 1,
devolution 1
a: no special abilities


You were in the Dungeon.
You visited 1 branch You collected 486 gold pieces.

Inventory:

Hand Weapons
 a - a +0 war axe (weapon)
Armour
 b - a +0 scale mail (worn)
 c - a +0 buckler (worn)
Scrolls
 j - a scroll of blinking
Potions
 e - a potion of curing
 h - 2 potions of magic


   Skills:
 - Level 13.8 Fighting
 - Level 1.7 Axes
 - Level 2.6 Armour
 - Level 2.6 Shields


You had 5 spell levels left.
You didn't know any spells.
Your spell library was empty.

Dungeon Overview and Level Annotations

Branches:
Dungeon (1/1)

Shops:
D ?

Annotations:
D exclusion: ice statue


Innate Abilities, Weirdness & Mutations

You have an increased reservoir of magic. (+10% MP)
You shall have no god before yourself.
Your divine heritage dramatically boosts your attributes as you level up.
You have sharp toenails.
Your flesh is heat resistant. (rF+)
You are frail. (-10% HP)
You have hidden genetic defects.


Message History

Something feeds on your intellect!
You closely miss the neqoxec.
The neqoxec is almost dead.
The neqoxec hits you.
* * * LOW HITPOINT WARNING * * *
You closely miss the neqoxec.
The neqoxec is almost dead.
The neqoxec gestures at you.
Strange energies course through your body.
Your toenails lengthen and sharpen.
The neqoxec hits you.
* * * LOW HITPOINT WARNING * * *
You slash the neqoxec!
You kill the neqoxec!
You feel your intelligence returning.
Your Fighting skill increases to level 13!
You closely miss the neqoxec. The neqoxec gestures at you.
Strange energies course through your body.
You feel frail. You block the neqoxec's attack.
You hit the neqoxec.
The neqoxec is lightly wounded.
You feel yourself speed up.
The neqoxec hits you but does no damage.
You hit the neqoxec.
The neqoxec is moderately wounded.
The neqoxec hits you but does no damage.
You barely miss the neqoxec. You claw the neqoxec, but do no damage.
The neqoxec is moderately wounded.
The neqoxec hits you but does no damage.
You slash the neqoxec!
The neqoxec is heavily wounded.
Your extra speed is starting to run out.
The neqoxec hits you!
* * * LOW HITPOINT WARNING * * *
You barely miss the neqoxec. Your kick misses the neqoxec.
The neqoxec is heavily wounded.
The neqoxec hits you!
You die...

.. +++# ... #+##
#.## ##..# ###
#..## # ##3###†##
.## #.#@##.##B..#
+≈33##'.<.+#
∩.#≈#..###.##B..#
▓▓###≈##.###†##
.## ##### ###...#
# #..#..# ##. .##
## ##


You could see a neqoxec.

Vanquished Creatures
  2 neqoxecs (D)
  4 necrophages (D)
  2 worms (D)
8 creatures vanquished.

Notes
Turn   | Place    | Note
-------+----------+-------------------------------------------
     0 | D        | manyhoops the Demigod Fighter began the quest for the Orb.
     0 | D        | Reached XP level 1. HP: 18/18 MP: 3/3
     8 | D        | Reached skill level 3 in Fighting
     9 | D        | Reached skill level 4 in Fighting
    14 | D        | Noticed an ice statue
    21 | D        | Noticed a boulder beetle
    21 | D        | Noticed a boulder beetle
    24 | D        | Noticed a necrophage
    24 | D        | Noticed a necrophage
    24 | D        | Noticed a necrophage
    24 | D        | Noticed a necrophage
    30 | D        | Killed a necrophage
    31 | D        | Reached skill level 7 in Fighting
    31 | D        | Reached XP level 2. HP: 28/34 MP: 4/4
    31 | D        | Reached XP level 3. HP: 32/39 MP: 5/5
    33 | D        | Killed a necrophage
    34 | D        | Reached skill level 9 in Fighting
    34 | D        | Reached XP level 4. HP: 42/50 MP: 6/6
    38 | D        | Killed a necrophage
    39 | D        | Reached skill level 10 in Fighting
    39 | D        | Reached XP level 5. HP: 40/59 MP: 7/7
    44 | D        | Reached skill level 11 in Fighting
   139 | D        | Noticed a neqoxec
   146 | D        | Killed a neqoxec
   147 | D        | Reached skill level 12 in Fighting
   147 | D        | Reached XP level 6. HP: 71/71 MP: 8/8
   149 | D        | Noticed a neqoxec
   150 | D        | Found Tiplut's Magic Scroll Emporium.
   150 | D        | Noticed a neqoxec
   151 | D        | Noticed a neqoxec
   154 | D        | Gained mutation: Your flesh is heat resistant. (rF+) [a
                  | neqoxec]
   159 | D        | Gained mutation: You have hidden genetic defects. [a
                  | neqoxec]
   166 | D        | Gained mutation: You have sharp toenails. [a neqoxec]
   167 | D        | Killed a neqoxec
   168 | D        | Reached skill level 13 in Fighting
   168 | D        | Gained mutation: You are frail. (-10% HP) [a neqoxec]
   173 | D        | Slain by a neqoxec

Illustrated notes

Levels and vault maps discovered:
D:        the_violet_keep_of_menkaure [sprint2_stairs_cluster_1,
          sprint2_shoproom, sprint2_temple, sprint2_basic_supplies,
          sprint2_obstacle_1, sprint2_obstacle_3, sprint2_obstacle_2,
          sprint2_obstacle_6, sprint2_obstacle_4, sprint2_timed_cluster_1,
          sprint2_smallroom_cluster_1, sprint2_smallroom_final_cluster_1,
          sprint2_transparent_cluster_1, sprint2_second_timed_cluster_1,
          sprint2_sniper_area_1, sprint2_heavy_combat_area_1,
          sprint2_mutation_trap_area_1, sprint2_forest_area_1,
          sprint2_light_combat_area_1, sprint2_behind_water_1,
          sprint2_near_end_vault_1]

Skill      XL: |  1  2  3  4  5  6 |
---------------+-------------------+-----
Fighting       | 7 9 10 12 13 | 13.8
Axes           | |  1.7
Armour         | |  2.6
Shields        | |  2.6

Action                   |  1- 3 |  4- 6 || total
-------------------------+-------+-------++-------
Melee: War axe           |    10 |    36 ||    46
       Kick              |       |     1 ||     1
  Use: Potion            |     2 |     2 ||     4
Armor: Scale mail        |     7 |     9 ||    16
Dodge: Dodged            |     5 |    10 ||    15
Block: Buckler           |     1 |     4 ||     5

Table legend: (Time is in decaauts)
 A = Elapsed time spent in this place.
 B = Non-inter-level travel time spent in this place.
 C = Inter-level travel time spent in this place.
 D = Time resting spent in this place.
 E = Time spent auto-exploring this place.
 F = Levels seen in this place.
 G = Mean time per level.
                   A        B        C        D        E       F      G
               +--------+--------+--------+--------+--------+-----+--------+
         Total |    189 |    189 |      0 |     89 |      0 |   1 |  189.0 |
       Dungeon |    189 |    189 |      0 |     89 |      0 |   1 |  189.0 |
               +--------+--------+--------+--------+--------+-----+--------+

Top non-repeatable levels by time:
       D: 189 daAuts
